 Dungeon Crawl Stone Soup version 0.26.0-18-gc5c842f807 (webtiles) character file.

Game seed: 4767964449096550929

105 kaeus the Firebug (level 4, -4/24 HPs)
             Began as a Gargoyle Fire Elementalist on Jan 24, 2021.
             Shot with an arrow by a centaur (7 damage)
             ... on level 5 of the Dungeon.
             The game lasted 00:01:37 (3010 turns).

kaeus the Firebug (Gargoyle Fire Elementalist)      Turns: 3010, Time: 00:01:38

Health: -4/24      AC:  5    Str: 11    XL:     4   Next: 81%
Magic:  7/7        EV: 12    Int: 17    God:
Gold:   118        SH:  0    Dex: 10    Spells: 7/8 levels left

rFire    . . .     SeeInvis .   f - +0 mace (holy)
rCold    . . .     Faith    .   (no shield)
rNeg     + . .     Spirit   .   a - +0 robe
rPois    ∞         Reflect  .   (no helmet)
rElec    +         Harm     .   (no cloak)
rCorr    .         Rampage  .   (no gloves)
Will     .....                  (no boots)
Stlth    ++........             (no amulet)
HPRegen  0.08/turn              (no ring)
MPRegen  0.10/turn              (no ring)

@: no status effects
A: negative energy resistance 1, electricity resistance, unbreathing,
petrification resistance, miasma immunity, AC +3
a: no special abilities


You were on level 5 of the Dungeon.
You visited 1 branch of the dungeon, and saw 4 of its levels.

You collected 118 gold pieces.

Inventory:

Hand Weapons
 f - a +0 mace of holy wrath (weapon)
Armour
 a - a +0 robe (worn)
Wands
 m - a wand of disintegration (14)
Scrolls
 b - a scroll of remove curse {unknown}
 e - a scroll of amnesia {unknown}
 h - 4 scrolls of identify {unknown}
 j - a scroll of magic mapping {unknown}
Potions
 c - a potion of attraction {unknown}
 d - a potion of might {unknown}
 g - a potion of cancellation {unknown}
 i - 2 potions of magic {unknown}
 k - a potion of heal wounds {unknown}
 l - a potion of haste {unknown}


   Skills:
 - Level 1.5 Dodging
 - Level 2.1 Stealth
 + Level 2.6 Spellcasting
 * Level 3.1 Conjurations
 * Level 4.1 Fire Magic


You had 7 spell levels left.
You knew the following spells:

 Your Spells              Type           Power        Failure   Level
a - Foxfire               Conj/Fire      56%          4%          1

Your spell library contained the following spells:

 Spells                   Type           Power        Failure   Level
 Conjure Flame            Conj/Fire      14%          12%         3
 Inner Flame              Hex/Fire       9%           24%         3
 Sticky Flame             Conj/Fire      14%          38%         4
 Fireball                 Conj/Fire      7%           75%         5


Dungeon Overview and Level Annotations

Branches:
Dungeon (3/15)

Altars:


Innate Abilities, Weirdness & Mutations

You are resistant to torment.
Your stone body is resilient. (AC +3)
You are immune to poison.
You resist negative energy. (rN+)
You are resistant to electric shocks. (rElec)
You can survive without breathing.
You are immune to petrification.
You are immune to miasma.


Message History

Your foxfire dissipates!
Your foxfire dissipates! x2
Magic restored.
You fall into a shaft and drop 2 floors!
The shaft crumbles and collapses.
A centaur comes into view.
The centaur shouts!
Found a pair of gloves and a broad axe.
MP restored: 7 A giant cockroach comes into view.
The giant cockroach moves out of view.
Found a stone staircase leading down.
The centaur wields a +0 shortbow.
The centaur shoots an arrow.
The arrow hits you!
You see here an arrow.
You take 11 damage, and have 13/24 hp.
MASSIVE DAMAGE!!
The centaur shoots an arrow.
The arrow hits you!
* * * LOW HITPOINT WARNING * * *
The centaur shoots an arrow.
The arrow hits you!
You die...

########## .
##......c. ..
#.......# ...
#.......# ....
#.......# .....
#.....[#...>..
#.)..(@.B...#
#.......#......
#.......# ..##.
#.......# .#
##.....## #
##...## #####


You could see a centaur and a giant cockroach.

Vanquished Creatures
  A killer bee zombie (D:3)
  An adder (D:2)
  An ooze (D:1)
  2 worms (D:2)
  3 dart slugs
  A leopard gecko (D:2)
  6 bats
  2 giant cockroaches (D:1)
  7 goblins
  9 hobgoblins
  10 jackals
  A kobold (D:1)
  4 frilled lizards
  3 rats (D:1)
51 creatures vanquished.

Vanquished Creatures (others)
  142 foxfires
142 creatures vanquished.

Grand Total: 193 creatures vanquished

Notes
Turn   | Place    | Note
-------+----------+-------------------------------------------
     0 | D:1      | kaeus the Gargoyle Fire Elementalist began the quest for
                  | the Orb.
     0 | D:1      | Reached XP level 1. HP: 10/10 MP: 3/3
   157 | D:1      | Reached XP level 2. HP: 15/15 MP: 0/5
   760 | D:1      | Reached XP level 3. HP: 15/19 MP: 1/6
  1954 | D:2      | Reached XP level 4. HP: 24/24 MP: 4/7
  2506 | D:2      | Reached skill level 4 in Fire Magic
  3007 | D:3      | You fall into a shaft and drop 2 floors!
  3007 | D:5      | Entered Level 5 of the Dungeon
  3007 | D:5      | Noticed a centaur
  3010 | D:5      | Shot with an arrow by a centaur

Illustrated notes

Levels and vault maps discovered:
D:1:      amcnicky_arrival_choice, layout_basic, minmay_octomino_e4
D:2:      layout_basic, minmay_misc_feat_columns, grunt_ministairs_4,
          minivault_14
D:3:      layout_basic, nicolae_ru_path_of_blood, uniq_terence, uniq_jessica,
          uniq_natasha
D:5:      layout_rooms, minmay_temple_entry_waves, uniq_crazy_yiuf_cottage

Skill      XL: |  1  2  3  4 |
---------------+-------------+-----
Conjurations   | 2 3 |  3.1
Fire Magic     | 4 |  4.1
Dodging        | |  1.5
Stealth        | |  2.1
Spellcasting   | |  2.6

Action                   |  1- 3 |  4- 6 || total
-------------------------+-------+-------++-------
Melee: Unarmed           |    12 |       ||    12
       Dagger            |    25 |       ||    25
       Mace              |    38 |    15 ||    53
 Cast: Foxfire           |    67 |    36 ||   103
 Stab: Sleeping          |     1 |       ||     1
Armor: Robe              |    33 |     8 ||    41
Dodge: Dodged            |    65 |    12 ||    77
